Map: Whirlwind LE (Void)

Players

Zanster - Winner!

  • Race: Zerg Zerg
  • Spawn Location: 5:00

NoRegreT

  • Race: Zerg Zerg
  • Spawn Location: 7:00

Event: NationWars IV

VOD

Have the link to the VOD?

Description

Time

  • Played on: Jan. 4, 2017, 12:46 p.m.
  • Length: 8:10
Show
View Real Time Build Order
Export as new Build Order

Zanster Zerg - Winner!

Build Orders: Pool First 

Get SALT Encoding   

  12  0:01  Drone  
  13  0:13  Overlord  
  13  0:17  Drone  
  14  0:31  Drone x2  
  14  0:35  Drone  
  17  0:46  Spawning Pool  
  17  0:47  Drone  
  17  0:57  Drone  
  17  1:02  Extractor  
  17  1:08  Drone  
  18  1:18  Drone, Hatchery  
  18  1:30  Drone  
  19  1:33  Queen  
  21  1:40  Zergling x2  
  22  1:50  Overlord  
  22  2:00  Baneling Nest  
  21  2:02  Zergling x2  
  22  2:08  Queen  
  22  2:13  Zergling x2  
  25  2:25  Zergling x2  
  27  2:36  Zergling x2  
  25  2:44  Queen  
  25  2:47  Zergling x2  
  26  2:55  Baneling x2  
  25  2:59  Zergling x2  
  26  3:14  Zergling x2  
  26  3:17  Metabolic Boost  
  27  3:20  Overlord, Drone, Hatchery  
  27  3:21  Drone  
  28  3:32  Drone  
  29  3:44  Baneling x3  
  29  3:52  Drone x4  
  32  4:04  Drone  
  33  4:13  Overlord  
  33  4:17  Drone  
  33  4:18  Extractor, Lair, Drone x2  
  35  4:27  Zergling x2  
  36  4:35  Drone  
  36  4:36  Drone  
  38  4:44  Drone  
  40  4:45  Drone  
  40  4:46  Drone x2  
  42  4:56  Overlord  
  42  4:58  Drone  
  43  5:05  Extractor x2, Drone  
  42  5:11  Overlord  
  42  5:12  Drone x3  
  42  5:13  Drone  
  45  5:14  Drone  
  45  5:15  Drone  
  45  5:20  Spine Crawler  
  46  5:21  Spine Crawler x2  
  46  5:22  Spine Crawler  
  43  5:31  Spine Crawler  
  43  5:34  Zergling x4  
  44  5:35  Spine Crawler  
  44  5:38  Zergling x4  
  45  5:48  Spire, Baneling  
  45  5:49  Baneling x2  
  44  5:51  Zergling x2  
  44  5:59  Zergling x8  
  44  6:07  Zergling x8  
  46  6:12  Zergling x2  
  46  6:13  Zergling x2  
  49  6:20  Zergling x2, Spire  
  46  6:30  Zergling x4  
  48  6:38  Drone x2  
  50  6:41  Drone x3  
  50  6:43  Drone  
  50  6:44  Overseer  
  54  6:50  Drone  
  54  6:51  Extractor  
  55  6:54  Drone  
  55  7:00  Overlord  
  55  7:07  Baneling x2  
  55  7:08  Baneling x2  
  55  7:09  Baneling x6  
  55  7:10  Zergling x8  
  55  7:12  Overlord  
  53  7:34  Mutalisk x3  
  53  7:37  Zergling x8  
  56  7:45  Mutalisk  
  56  7:49  Overlord  
Show
View Real Time Build Order
Export as new Build Order

NoRegreT Zerg 

Build Orders: Pool First 

Get SALT Encoding   

  12  0:01  Drone  
  13  0:08  Extractor  
  12  0:24  Spawning Pool  
  12  0:27  Drone  
  12  0:33  Drone  
  13  0:38  Drone  
  14  0:50  Overlord  
  14  1:11  Zergling x6  
  14  1:12  Metabolic Boost  
  17  1:25  Queen  
  19  1:29  Zergling x2  
  20  1:37  Zergling x2  
  21  1:56  Hatchery  
  21  1:58  Zergling x2  
  21  2:03  Zergling x2  
  22  2:10  Overlord  
  22  2:29  Drone  
  24  2:30  Drone  
  24  2:38  Drone  
  24  2:39  Drone x2  
  24  2:43  Drone  
  25  2:52  Drone  
  23  3:00  Queen  
  23  3:03  Zergling x2  
  26  3:08  Baneling Nest  
  26  3:09  Zergling x2  
  26  3:14  Zergling x2  
  26  3:18  Queen  
  29  3:21  Zergling x2  
  29  3:26  Zergling x2  
  31  3:27  Drone  
  31  3:31  Drone  
  31  3:34  Drone  
  35  3:43  Roach Warren, Drone  
  35  3:47  Drone  
  36  4:00  Drone  
  36  4:03  Overlord  
  36  4:05  Extractor  
  36  4:06  Drone  
  36  4:15  Drone  
  36  4:21  Overlord  
  36  4:23  Drone x2  
  36  4:24  Drone x2  
  40  4:27  Roach x2  
  43  4:38  Overlord  
  43  4:43  Roach  
  43  4:44  Roach x3  
  50  4:49  Roach  
  52  4:53  Overlord  
  52  4:57  Roach  
  52  4:58  Roach  
  56  5:01  Roach  
  56  5:04  Roach  
  60  5:12  Roach x2  
  63  5:16  Roach  
  65  5:24  Roach  
  67  5:28  Zergling x2  
  67  5:34  Overlord  
  68  5:38  Baneling Nest  
  68  5:39  Zergling x2  
  67  5:50  Zergling x2  
  68  6:00  Zergling x4  
  65  6:08  Zergling x4  
  65  6:09  Zergling x4  
  65  6:11  Roach x3  
  65  6:14  Zergling x10  
  69  6:25  Ravager  
  66  6:26  Ravager  
  66  6:27  Zergling x4, Ravager  
  55  6:38  Ravager x3  
  58  6:40  Zergling x4  
  58  6:41  Queen  
  58  6:45  Zergling x2  
  63  6:48  Zergling x2  
  63  6:52  Baneling  
  63  6:53  Baneling x7  
  64  6:55  Zergling x2  
  64  6:57  Zergling x2  
  64  7:00  Hatchery  
  65  7:02  Baneling x2  
  65  7:05  Zergling x6  
  68  7:10  Zergling x4  
  68  7:14  Baneling x2  
  55  7:32  Zergling x12  
  55  7:35  Zergling x4  
  56  7:39  Zergling x4  
  51  7:46  Drone  
  51  7:47  Drone  
  53  7:55  Drone  
Tags
 
Add a new tag
Caveats
  • Supply blocks, unpowered buildings, or Contaminate may cause inaccurate times.
  • Supply counts are checked every 10 seconds.